 Dungeon Sprint DCSS version 0.17-a0-1850-g688e747 (webtiles) character file.

737 Kidiri the Blocker (level 7, -2/67 HPs)
             Began as a Minotaur Fighter on Sept 19, 2015.
             Was a Priest of Trog.
             Slain by a phantasmal warrior (11 damage)
             ... in the Dungeon (Sprint VII: "The Pits").
             The game lasted 00:05:31 (573 turns).

Kidiri the Blocker (Minotaur Fighter)                Turns: 573, Time: 00:05:31

Health: -2/67      AC: 16    Str: 23    XL:     7   Next: 46%
Magic:  6/6        EV:  8    Int:  5    God:    Trog [***...]
Gold:   0          SH: 12    Dex:  9    Spells: 0 memorised, 6 levels left

rFire  . . .     SeeInvis .     z - +2 mace
rCold  . . .     Clarity  .     t - +2 plate armour
rNeg   . . .     SustAt   .     c - +0 shield
rPois  .         Gourm    .     (helmet restricted)
rElec  .         Spirit   .     (no cloak)
rCorr  .         Warding  .     (no gloves)
rMut   .         NoTele   +     (no boots)
MR     +....                    (no amulet)
Stlth  ..........               (no ring)
                                (no ring)

@: vulnerable, regenerating, somewhat resistant to hostile enchantments,
extremely unstealthy
A: retaliatory headbutt, horns 2
a: Burn Spellbooks, Berserk, Trog's Hand, Renounce Religion


You were in the Dungeon.
You worshipped Trog.
Trog was most pleased with you.
You were not hungry.

You visited 1 branch

Inventory:

Hand weapons
 a - a cursed +0 halberd
 g - a +0 halberd
 s - a +3 halberd
 z - a +2 mace (weapon)
Armour
 b - a cursed +0 robe
 c - a +0 shield (worn)
 p - a +0 robe
 t - a +2 plate armour (worn)
 u - a +0 robe
Scrolls
 k - a scroll of blinking
 o - 3 scrolls of remove curse
 q - a scroll of summoning
 r - 2 scrolls of vulnerability
Potions
 d - a potion of might
 h - a potion of haste
 i - 4 potions of magic
 j - 3 potions of berserk rage
 n - 2 potions of invisibility
 B - 5 potions of heal wounds
 C - 5 potions of curing
Comestibles
 e - 8 bread rations
 l - 40 fruits
 m - 7 meat rations


   Skills:
 + Level 7.9 Fighting
 * Level 10.2 Maces & Flails
 * Level 10.4 Armour
 + Level 6.1 Dodging
 * Level 10.4 Shields


You had 6 spell levels left.
You didn't know any spells.

Dungeon Overview and Level Annotations

Branches:
Dungeon (1/1)

Altars:
Ashenzari
Cheibriados
Dithmenos
Elyvilon
Fedhas
Gozag
Kikubaaqudgha
Makhleb
Nemelex Xobeh
Okawaru
Qazlal
Ru
Sif Muna
Trog
Vehumet
Xom
Yredelemnul
Zin
The Shining One
Beogh
Jiyva
Lugonu


Innate Abilities, Weirdness & Mutations

You reflexively headbutt those who attack you in melee.
You have a pair of horns on your head.


Message History

The phantasmal warrior is severely damaged.
The phantasmal warrior hits you!
* * * LOW HITPOINT WARNING * * *
You hit the phantasmal warrior. You headbutt the phantasmal warrior.
The phantasmal warrior is severely damaged.
You block the phantasmal warrior's attack.
You hit the phantasmal warrior but do no damage.
You headbutt the phantasmal warrior, but do no damage.
The phantasmal warrior is severely damaged.
The phantasmal warrior hits you!
* * * LOW HITPOINT WARNING * * *
You hit the phantasmal warrior but do no damage.
You headbutt the phantasmal warrior!
The phantasmal warrior is almost destroyed.
You block the phantasmal warrior's attack.
You hit the phantasmal warrior.
You headbutt the phantasmal warrior, but do no damage.
The phantasmal warrior is almost destroyed.
The phantasmal warrior hits you!
You die...

#.#........##.......#
#'###########.......#
#..#.#.## #########
#.......# ##.#.#.##
#.......#+#
##.#.#.##.+
#.......#W#
##.#.#..%@#
##########


You could see a phantasmal warrior.

Vanquished Creatures
  Grinder (D)
  A fire bat (D)
  A centaur (D)
  2 big kobolds (D)
  3 wights (D)
  A worker ant (D)
  A gnoll (D)
  An adder (D)
  2 oozes (D)
  A bat zombie (D)
  2 giant newts (D)
  A goblin (D)
  A quokka (D)
  A rat (D)
19 creatures vanquished.

Notes
Turn   | Place    | Note
--------------------------------------------------------------
     0 | D        | Kidiri the Minotaur Fighter began the quest for the Orb.
     0 | D        | Reached XP level 1. HP: 19/19 MP: 0/0
     9 | D        | Noticed a worker ant
    14 | D        | Killed a worker ant
    14 | D        | Reached skill level 4 in Fighting
    14 | D        | Reached skill level 5 in Armour
    14 | D        | Reached skill level 1 in Dodging
    14 | D        | Reached skill level 5 in Shields
    14 | D        | Reached XP level 2. HP: 8/28 MP: 1/1
    27 | D        | Found a sacrificial altar of Ru.
    27 | D        | Found a basalt altar of Yredelemnul.
    27 | D        | Found a shadowy altar of Dithmenos.
    27 | D        | Found a deep blue altar of Sif Muna.
    27 | D        | Found a burning altar of Makhleb.
    27 | D        | Found a shimmering altar of Xom.
    27 | D        | Found an ancient bone altar of Kikubaaqudgha.
    27 | D        | Found a sparkling altar of Nemelex Xobeh.
    29 | D        | Found a bloodstained altar of Trog.
    29 | D        | Found a corrupted altar of Lugonu.
    29 | D        | Found a viscous altar of Jiyva.
    45 | D        | Found a glowing golden altar of the Shining One.
    45 | D        | Found a shattered altar of Ashenzari.
    45 | D        | Found a white marble altar of Elyvilon.
    45 | D        | Found a snail-covered altar of Cheibriados.
    45 | D        | Found a blossoming altar of Fedhas.
    45 | D        | Found a radiant altar of Vehumet.
    45 | D        | Found a glowing silver altar of Zin.
    45 | D        | Found a roughly hewn altar of Beogh.
    45 | D        | Found an iron altar of Okawaru.
    49 | D        | Became a worshipper of Trog the Wrathful
    52 | D        | Found a stormy altar of Qazlal.
    52 | D        | Found an opulent altar of Gozag.
   155 | D        | Acquired Trog's first power
   155 | D        | Reached XP level 3. HP: 25/34 MP: 2/2
   167 | D        | Acquired Trog's second power
   234 | D        | Noticed a centaur
   245 | D        | Reached skill level 5 in Maces & Flails
   257 | D        | Killed a centaur
   257 | D        | Reached skill level 5 in Fighting
   257 | D        | Reached skill level 6 in Maces & Flails
   257 | D        | Reached XP level 4. HP: 36/42 MP: 3/3
   424 | D        | Noticed a wight
   424 | D        | Noticed a wight
   425 | D        | Noticed a wight
   439 | D        | Killed a wight
   439 | D        | Reached skill level 7 in Maces & Flails
   439 | D        | Reached XP level 5. HP: 43/50 MP: 4/4
   443 | D        | Killed a wight
   446 | D        | Killed a wight
   446 | D        | Reached skill level 8 in Armour
   456 | D        | Noticed a fire bat
   459 | D        | Noticed Grinder
   460 | D        | Noticed a big kobold
   470 | D        | Killed a fire bat
   470 | D        | Reached skill level 9 in Armour
   470 | D        | Reached skill level 5 in Dodging
   470 | D        | Reached XP level 6. HP: 23/60 MP: 5/5
   481 | D        | Killed a big kobold
   501 | D        | Paralysed by Grinder for 5 turns
   519 | D        | Killed Grinder
   519 | D        | Reached skill level 10 in Armour
   519 | D        | Reached skill level 10 in Shields
   519 | D        | Reached XP level 7. HP: 59/67 MP: 6/6
   540 | D        | Noticed a big kobold
   549 | D        | Killed a big kobold
   549 | D        | Acquired Trog's third power
   549 | D        | Reached skill level 10 in Maces & Flails
   555 | D        | Noticed a phantasmal warrior
   573 | D        | Slain by a phantasmal warrior

Vault maps used:
D:        pitsprint

Action                   |  1- 3 |  4- 6 |  7- 9 || total
-------------------------+-------+-------+-------++-------
Melee: Flail             |     4 |       |       ||     4
       Mace              |    26 |    43 |    26 ||    95
Invok: Trog's Hand       |     1 |     3 |     1 ||     5
  Use: Potion            |     2 |       |       ||     2
